 Dungeon Crawl Stone Soup version 0.23.2-33-g5129a83184 (webtiles) character file.

Game seed: 12759711079148523873

230 Electrofox the Changer (level 5, -2/40 HPs)
             Began as a Draconian Transmuter on Aug 3, 2019.
             Slain by a hound (6 damage)
             ... on level 3 of the Dungeon.
             The game lasted 00:25:56 (3926 turns).

Electrofox the Changer (Draconian Transmuter)       Turns: 3926, Time: 00:25:57

Health: -2/40      AC:  5    Str: 12    XL:     5   Next: 72%
Magic:  8/10       EV: 12    Int: 14    God:
Gold:   206        SH:  0    Dex: 12    Spells: 5/11 levels left

rFire    . . .     SeeInvis .   b - +0 short sword
rCold    . . .     Gourm    .   (no shield)
rNeg     . . .     Faith    .   (armour unavailable)
rPois    .         Spirit   .   (helmet restricted)
rElec    .         Reflect  .   (no cloak)
rCorr    .         Harm     .   (no gloves)
MR       .....                  (no boots)
Stlth    +.........             (no amulet)
HPRegen  0.13/turn              (no ring)
MPRegen  0.12/turn              (no ring)

@: no status effects
A: unfitting armour, cold-blooded, AC +5
a: no special abilities


You were on level 3 of the Dungeon.
You were hungry.

You visited 1 branch of the dungeon, and saw 4 of its levels.

You collected 206 gold pieces.

Inventory:

Hand Weapons
 a - a +0 hunting sling
 b - a +0 short sword (weapon)
Missiles
 e - 42 sling bullets
 i - 19 arrows
Armour
 k - a +0 cloak
 r - a +0 pair of boots
 u - a +1 cloak
Jewellery
 f - a +6 ring of strength {unknown}
 t - an uncursed ring of protection from cold {unknown}
Scrolls
 d - a scroll of teleportation
 h - a scroll of enchant weapon {unknown}
 j - 2 scrolls of amnesia {unknown}
 n - a scroll of enchant armour {unknown}
 o - a scroll of random uselessness {unknown}
 p - a scroll of remove curse {unknown}
 q - 2 scrolls of identify
Potions
 g - a potion of cancellation {unknown}
 l - 3 potions of might
 m - 3 potions of curing {unknown}
 s - a potion of agility {unknown}
Comestibles
 c - 5 rations


   Skills:
 - Level 1.1 Fighting
 - Level 1.7 Dodging
 - Level 3.0 Unarmed Combat
 - Level 3.6 Spellcasting
 - Level 5.0 Transmutations
 + Level 0.2 Poison Magic


You had 5 spell levels left.
You knew the following spells:

 Your Spells              Type           Power        Failure   Level  Hunger
a - Beastly Appendage     Tmut           ###...       2%          1    None
b - Sticks to Snakes      Tmut           ###.....     3%          2    ##.....
c - Spider Form           Tmut/Pois      #.........   21%         3    ###....

Your spell library contained the following spells:

 Spells                   Type           Power        Failure   Level  Hunger
 Ice Form                 Ice/Tmut       #.......     56%         4    ####...
 Blade Hands              Tmut           ###.......   56%         5    ######.


Dungeon Overview and Level Annotations

Branches:
Dungeon (4/15)
 Temple: D:4-7

Altars:
Elyvilon
Kikubaaqudgha
Makhleb
Ru
Wu Jian

Annotations:
D:3 exclusion: door
D:4 Eustachio


Innate Abilities, Weirdness & Mutations

Your plain brown scales are hard. (AC +5)
You cannot fit into any form of body armour.
You are cold-blooded and may be slowed by cold attacks.


Message History

The hound bites you. The jackal bites you.
* * * LOW HITPOINT WARNING * * *
The hound bites you but does no damage. The hound bites you.
* * * LOW HITPOINT WARNING * * *
The hound bites you.
* * * LOW HITPOINT WARNING * * *
The hound bites you but does no damage. The hound barely misses you.
There is a stone staircase leading up here.
The hound bites you.
* * * LOW HITPOINT WARNING * * *
You climb upwards.
Level annotation: exclusion: door
There is a stone staircase leading down here.
Casting: Sticks to Snakes (safe; 3% risk of failure)
Confirm with . or Enter, or press ? or * to list all spells.
You create a snake!
You now have 19 arrows.
The hound bites you.
You die...

#.# #.#.#.#.#.# #.... #.#
#.#.#.#.#.# #.... #.#
#.#.#.#.#.# #.... #.#
#.#.#.#.#.##########....
#.#
#.#.#.#.......)<...#.>..
#.#
#.#.#.#.#.########.#)...
#.# #.#...#.#.#####
#.#.... #.#
#.#...)#S.....# #.#....
#.#
#.#....@..(...####.#....
#.#
###.#...h.................
#.#
#...............####.#####
#.# #..............<...#.#
#.# #..............).#.#.#
#.# #................#.#.#
#.# #...............##.#.#
#.# #.....###..........#.#
#.# #...#.###........#.#.#


You could see a hound and a friendly ball python.

Vanquished Creatures
  A bullfrog zombie (D:4)
  3 gnolls
  8 adders
  2 worms
  4 dart slugs
  6 leopard geckos
  3 orcs (D:3)
  2 giant cockroaches (D:1)
  7 goblins
  7 hobgoblins
  2 jackals (D:3)
  10 kobolds
  2 quokkas
  A ball python (D:1)
  7 bats
  7 frilled lizards
  10 rats
82 creatures vanquished.

Vanquished Creatures (collateral kills)
  A gnoll (D:3)
  A goblin (D:2)
2 creatures vanquished.

Grand Total: 84 creatures vanquished

Notes
Turn   | Place    | Note
-------+----------+-------------------------------------------
     0 | D:1      | Electrofox the Draconian Transmuter began the quest for the
                  | Orb.
     0 | D:1      | Reached XP level 1. HP: 16/16 MP: 3/3
   352 | D:1      | Reached XP level 2. HP: 23/23 MP: 3/5
   513 | D:1      | Reached skill level 3 in Transmutations
   637 | D:1      | Reached XP level 3. HP: 27/28 MP: 4/6
   849 | D:2      | Learned a level 2 spell: Sticks to Snakes
   959 | D:2      | Found a white marble altar of Elyvilon.
  1234 | D:2      | Found a burning altar of Makhleb.
  1878 | D:2      | Reached XP level 4. HP: 26/35 MP: 8/8
  2085 | D:3      | Reached skill level 4 in Transmutations
  2577 | D:3      | Reached XP level 5. HP: 36/40 MP: 7/9
  3524 | D:4      | Found a sacrificial altar of Ru.
  3528 | D:4      | Found an ancient bone altar of Kikubaaqudgha.
  3551 | D:4      | Reached skill level 5 in Transmutations
  3627 | D:4      | Learned a level 3 spell: Spider Form
  3759 | D:4      | Found an ornate altar of the Wu Jian Council.
  3760 | D:4      | Noticed Eustachio
  3926 | D:3      | Slain by a hound

Skill      XL: |  1  2  3  4  5 |
---------------+----------------+-----
Transmutations | 3 4 5 |  5.0
Spellcasting   | 3 |  3.6
Fighting       | |  1.1
Dodging        | |  1.7
Unarmed Combat | |  3.0
Poison Magic   | |  0.2

Action                   |  1- 3 |  4- 6 || total
-------------------------+-------+-------++-------
Melee: Unarmed           |    65 |    15 ||    80
       Tailslap          |    11 |    11 ||    22
       Headbutt          |     3 |     5 ||     8
       Kick              |     7 |    12 ||    19
       Short sword       |    62 |   147 ||   209
       Punch             |       |     2 ||     2
 Fire: Hunting sling     |     1 |    22 ||    23
 Cast: Beastly Appendage |    12 |    14 ||    26
       Sticks to Snakes  |     2 |    10 ||    12
  Use: Scroll            |       |     2 ||     2
  Eat: Chunk             |     3 |     7 ||    10
Armor: Skin              |    42 |    83 ||   125
Dodge: Dodged            |    80 |   131 ||   211
